 Dungeon Crawl Stone Soup version 0.21.1-1-g345015f (webtiles) character file.

88332 buskinjo2 the Lord of Darkness (level 15, 0/112 HPs)
             Began as a Demonspawn Necromancer on Mar 1, 2018.
             Was the Champion of Kikubaaqudgha.
             Slain by a sixfirhy (9 damage)
             ... summoned by an orc high priest
             ... on level 2 of the Orcish Mines.
             The game lasted 02:19:13 (29649 turns).

buskinjo2 the Lord of Darkness (DsNe)              Turns: 29649, Time: 02:19:14

Health: 0/112      AC: 20    Str: 10    XL:     15   Next: 46%
Magic:  31/31      EV: 20    Int: 26    God:    Kikubaaqudgha [******]
Gold:   1806       SH:  3    Dex: 14    Spells: 4/39 levels left

rFire    . . .     SeeInvis .   b - +4 morningstar (crush)
rCold    . . .     Gourm    .   (no shield)
rNeg     . . .     Faith    .   D - +1 troll leather armour
rPois    .         Spirit   .   v - +2 hat {MR+}
rElec    .         Reflect  +   W - +0 cloak
rCorr    .         Harm     .   I - +0 pair of gloves
MR       ++...                  (boots unavailable)
Stlth    ++........             C - +3 amulet of reflection
HPRegen  0.68/turn              V - +5 ring of intelligence
MPRegen  0.22/turn              g - +5 ring of evasion

@: about to teleport, sanguine armour
A: hooves 3, demonic guardian 2, foul stench 1, rot immunity, sanguine armour 2
a: Receive Corpses, Torment, Brand Weapon With Pain, Receive Necronomicon,
Renounce Religion


You were on level 2 of the Orcish Mines.
You worshipped Kikubaaqudgha.
Kikubaaqudgha was exalted by your worship.
You were not hungry.

You visited 4 branches of the dungeon, and saw 23 of its levels.
You also visited: Ice Cave and Volcano.

You collected 2586 gold pieces.
You spent 780 gold pieces at shops.

Inventory:

Hand Weapons
 a - a +2 morningstar of freezing
 b - a +4 morningstar of crushing (weapon)
Missiles
 P - 3 throwing nets (quivered)
Armour
 h - a +3 leather armour of fire resistance
 v - a +2 hat of magic resistance (worn)
 D - a +1 troll leather armour (worn)
 I - a +0 pair of gloves (worn)
 W - a +0 cloak (worn)
Jewellery
 g - a +5 ring of evasion (right hand)
 r - a +3 ring of slaying
 w - an uncursed ring of flight
 C - a +3 amulet of reflection (around neck)
 J - an uncursed ring of ice
 M - an uncursed ring of ice
 T - an uncursed ring of poison resistance
 V - a +5 ring of intelligence (left hand)
 Y - an uncursed ring of wizardry
Wands
 n - a wand of paralysis (6)
 p - a wand of clouds (3)
 s - a wand of digging (12)
 t - a wand of scattershot (5)
 x - a wand of iceblast (38)
 y - a wand of enslavement (25)
 L - a wand of acid (6)
Scrolls
 k - 3 scrolls of blinking
 m - 3 scrolls of fog
 q - 7 scrolls of teleportation
 u - 9 scrolls of remove curse
 G - 2 scrolls of enchant weapon
 K - a scroll of identify
 Q - 3 scrolls of fear
 S - 2 scrolls of summoning
Potions
 d - 2 potions of ambrosia
 e - 3 potions of cancellation
 f - 3 potions of brilliance
 i - 7 potions of curing
 j - 3 potions of resistance
 l - 6 potions of lignification
 z - 2 potions of haste
 A - 3 potions of magic
 E - 4 potions of flight
 F - 3 potions of mutation
 O - 5 potions of might
 U - 2 potions of heal wounds
Books
 o - Kikubaaqudgha's Volume of Unholy Arts
   (Kikubaaqudgha gifted it to you on level 11 of the Dungeon)

   Spells                             Type                      Level
   a - Animate Dead                   Necromancy                   4
   b - Excruciating Wounds            Charms/Necromancy            5
   c - Borgnjor's Vile Clutch         Necromancy/Earth             5
   d - Agony                          Necromancy                   5
   e - Dispel Undead                  Necromancy                   5
 N - a book of Beasts

   Spells                             Type                      Level
   a - Summon Butterflies             Summoning                    1
   b - Call Canine Familiar           Summoning                    3
   c - Summon Ice Beast               Ice/Summoning                4
   d - Summon Mana Viper              Hexes/Summoning              5
   e - Summon Hydra                   Summoning                    7
Miscellaneous
 B - a phial of floods (inert)
Comestibles
 c - 41 rations
 H - a chunk of flesh


   Skills:
 - Level 8.6 Fighting
 - Level 12.1 Maces & Flails
 - Level 7.4 Armour
 - Level 5.8 Dodging
 - Level 4.0 Stealth
 + Level 12.5 Spellcasting
 - Level 4.1 Hexes
 - Level 2.8 Charms
 + Level 13.4 Necromancy
 - Level 2.0 Translocations
 - Level 2.9 Ice Magic
 - Level 4.0 Evocations


You had 4 spell levels left.
You knew the following spells:

 Your Spells              Type           Power        Failure   Level  Hunger
a - Pain                  Necr           ####         1%          1    None
b - Animate Skeleton      Necr           N/A          1%          1    None
c - Vampiric Draining     Necr           ######....   1%          3    None
d - Regeneration          Chrm/Necr      ######....   1%          3    None
e - Animate Dead          Necr           N/A          1%          4    None
f - Corpse Rot            Necr           N/A          1%          2    None
g - Sublimation of Blood  Necr           ######....   1%          2    None
h - Apportation           Tloc           ####..       1%          1    None
i - Ozocubu's Armour      Chrm/Ice       ####....     4%          3    None
j - Dispel Undead         Necr           ######..     1%          5    ###....
k - Spectral Weapon       Hex/Chrm       ####....     3%          3    None
l - Song of Slaying       Chrm           ####....     1%          2    None
m - Excruciating Wounds   Chrm/Necr      ######....   4%          5    ###....


Dungeon Overview and Level Annotations

Branches:
Dungeon (14/15)            Temple (1/1) D:5            Lair (6/6) D:10
 Shoals (0/4) Lair:2        Snake (0/4) Lair:2        Slime (0/5) Lair:6
    Orc (2/2) D:11            Elf (0/3) Orc:2        Vaults (0/5) D:13

Altars:
Ashenzari
Cheibriados
Dithmenos
Elyvilon
Fedhas
Gozag
Hepliaklqana
Kikubaaqudgha
Makhleb
Nemelex Xobeh
Okawaru
Qazlal
Ru
Sif Muna
Trog
Uskayaw
Vehumet
Wu Jian
Xom
Yredelemnul
Zin
The Shining One

Shops:
D:4 ??([}   D:6 (:!**   D:7 %   Orc:1 *   Orc:2 %

Portals:
Hell: Lair:6
Trove: D:10 (give 16 scrolls of teleportation)

Annotations:
D:14 Frances
Lair:2 exclusion: zombie
Lair:3 exclusion: downstairs


Innate Abilities, Weirdness & Mutations

You have hooves in place of feet.
A demonic guardian rushes to your aid.
You may emit foul miasma when damaged in melee.
You are immune to rotting.
When seriously injured, your bleeding wounds create thick armour. (AC +9)


Message History

The orc wizard gestures at you while chanting.
The magic dart hits you!
The sixfirhy hits you but does no damage.
Your ice devil hits the orc sorcerer.
Your ice devil freezes the orc sorcerer!
Unknown command.
As you read the scroll of teleportation, it crumbles to dust.
You feel strangely unstable.
The sixfirhy burns!
You block the sixfirhy's attack. The sixfirhy barely misses you. x2
The ufetubus closely misses your ice devil.
The ufetubus hits your ice devil but does no damage.
You block the sixfirhy's attack.
The orc sorcerer hits your ice devil but does no damage.
The sixfirhy hits you but does no damage.
Your ice devil hits the orc sorcerer but does no damage.
The sixfirhy burns!
The sixfirhy barely misses you. The sixfirhy hits you!
* * * LOW HITPOINT WARNING * * *
The sixfirhy shocks you!
You die...
Kikubaaqudgha rasps: "You have failed me!
Welcome... death!"

*****,,,..............)o§........
**,**,,................5)........
,,,,**,..........#....3§o).......
...****.............3554#5.....##
....,**#.......#[[5#.o..###....#
....,,**#........5.5.#...##...##
.#...###.......).#.5.##.##...##
.....#.##.###.#.3.3.##...##.##
.#.......#####..@######.#####
.#...#......[)...# ###
.........#####.### ........## ###
.........# ..#...#.## .#...####
#....# ....##


You could see a soul eater, 2 sixfirhies, a ynoxinul, an orc wizard, 6 ufetubi
and a friendly ice devil.

Vanquished Creatures
  Rupert (D:12)
  A dire elephant (Lair:6)
  Erolcha (D:9)
  An ice dragon (D:10)
  A vault guard (D:13)
  5 hydras
  2 centaur warriors
  A tengu warrior (D:14)
  A death yak (Lair:4)
  A two-headed ogre (D:14)
  An orc high priest (Orc:2)
  A fire crab (Lair:6)
  An unseen horror (D:14)
  A wizard (Lair:6)
  2 necromancers (D:13)
  3 orc sorcerers
  3 ugly things
  2 deep elf magi (D:14)
  A merfolk siren (Lair:2)
  3 elephants (Lair:6)
  5 black mambas
  Joseph (D:10)
  A torpor snail (Lair:5)
  A smoke demon (Lair:6)
  9 spiny frogs
  10 komodo dragons
  4 rime drakes
  2 red devils (Lair:6)
  2 ice devils (Lair:6)
  2 merfolk (Lair:2)
  4 trolls
  5 blink frogs
  Prince Ribbit (D:7)
  11 hippogriffs
  16 polar bears
  5 slime creatures
  A dream sheep (Lair:6)
  A spriggan (D:7)
  2 shadows
  18 yaks
  8 humans (D:13)
  3 wraiths
  3 wyverns
  3 basilisks
  A steam dragon (D:9)
  10 vampire mosquitoes
  7 water moccasins
  An acid dragon (D:13)
  7 porcupines
  3 hell hounds (Lair:6)
  An ice beast (D:10)
  A hornet zombie (D:10)
  11 orc warriors
  A black bear (D:8)
  A phantom (D:9)
  3 sky beasts
  11 ogres
  8 centaurs
  19 wolves
  2 big kobolds
  14 crocodiles
  14 bullfrogs
  A wyvern skeleton (D:13)
  2 scorpions
  A water moccasin skeleton (D:11)
  12 wights
  2 howler monkeys
  A crimson imp (D:7)
  2 quasits
  A centaur zombie (D:9)
  A bullfrog skeleton (D:12)
  A bullfrog zombie (D:9)
  5 hounds
  12 orc priests
  3 jellies
  3 iguanas
  11 orc wizards
  3 worker ants
  A killer bee zombie (D:8)
  A hound skeleton (D:4)
  A hound zombie (D:6)
  Robin (D:4)
  9 adders
  3 shadow imps
  2 oozes (D:2)
  2 adder skeletons
  A worm (D:2)
  3 dart slugs
  5 leopard geckos
  33 orcs
  6 bats
  6 giant cockroaches
  9 hobgoblins
  6 jackals
  14 kobolds
  4 quokkas
  7 frilled lizards
  8 goblins
  2 quokka skeletons (D:7)
  A quokka zombie (D:7)
  7 rats
459 creatures vanquished.

Vanquished Creatures (collateral kills)
  Gastronok (Lair:2)
  A frost giant (IceCv)
  An orc warlord (Orc:2)
  Nessos (Lair:4)
  A red draconian (Volcano)
  Josephine (Lair:4)
  2 hydras (Lair:6)
  A centaur warrior (Volcano)
  4 two-headed ogres
  4 death yaks
  A tengu warrior (D:13)
  Urug (D:10)
  A sixfirhy (Lair:6)
  A wizard (D:13)
  2 necromancers (D:13)
  4 oklob plants (Lair:4)
  A deep elf mage (D:14)
  3 ugly things
  A cyclops (D:11)
  2 elephants (Lair:6)
  An ice statue (IceCv)
  3 gargoyles
  2 spiny frogs (Lair:1)
  A centaur skeleton (D:12)
  A komodo dragon (Lair:4)
  2 ice devils (Lair:6)
  2 rime drakes
  A yaktaur (Volcano)
  A tengu conjurer (D:14)
  A polar bear (D:10)
  3 blink frogs
  3 slime creatures (D:12)
  2 hippogriffs
  5 wraiths
  A wyvern (D:13)
  10 humans (D:13)
  13 yaks
  3 basilisks
  A steam dragon (D:10)
  3 vampire mosquitoes (D:12)
  5 nagas (Lair:2)
  A water moccasin (Lair:3)
  6 orc warriors
  A black bear (Lair:1)
  An ice beast (D:10)
  2 ogres
  A phantom (D:6)
  5 centaurs
  10 wolves
  6 crocodiles
  2 bullfrogs
  A howler monkey (D:8)
  A crimson imp (D:12)
  A hound (D:9)
  3 orc wizards
  An iguana (D:5)
  An adder (D:7)
  10 orcs
  2 kobolds (D:9)
  A quokka (D:8)
  2 goblins (D:4)
  A fungus (Lair:4)
  A plant (Lair:4)
158 creatures vanquished.

Vanquished Creatures (others)
  A centaur (D:8)
  A wolf (IceCv)
  A bullfrog skeleton (D:10)
  4 fungi
  5 plants (Lair:4)
  5 spectral weapons
17 creatures vanquished.

Grand Total: 634 creatures vanquished

Notes
Turn   | Place    | Note
-------+----------+-------------------------------------------
     0 | D:1      | buskinjo2 the Demonspawn Necromancer began the quest for the Orb.
     0 | D:1      | Reached XP level 1. HP: 13/13 MP: 3/3
   691 | D:1      | Gained mutation: You are immune to rotting. [demonic ancestry]
   691 | D:1      | Reached XP level 2. HP: 14/19 MP: 5/5
  1589 | D:2      | Gained mutation: You have large cloven feet. [demonic ancestry]
  1589 | D:2      | Reached XP level 3. HP: 23/24 MP: 7/7
  1592 | D:2      | Learned a level 1 spell: Animate Skeleton
  1596 | D:2      | Learned a level 3 spell: Vampiric Draining
  1600 | D:2      | Learned a level 3 spell: Regeneration
  2543 | D:3      | Gained mutation: A weak demonic guardian rushes to your aid. [demonic ancestry]
  2543 | D:3      | Reached XP level 4. HP: 26/30 MP: 5/10
  2988 | D:3      | Reached skill level 5 in Necromancy
  3633 | D:4      | Found Ruimp's Magic Scroll Shoppe.
  3642 | D:4      | Bought a scroll of teleportation for 30 gold pieces
  3642 | D:4      | Bought a scroll of identify for 20 gold pieces
  3642 | D:4      | Bought a scroll of identify for 20 gold pieces
  3642 | D:4      | Bought a scroll of identify for 20 gold pieces
  3642 | D:4      | Bought a scroll of identify for 20 gold pieces
  3642 | D:4      | Bought a scroll of remove curse for 30 gold pieces
  3664 | D:4      | Found a glowing golden altar of the Shining One.
  3701 | D:4      | Found Riehirphu's Weapon Shop.
  3732 | D:4      | Found Quixkeol's Gadget Shop.
  3737 | D:4      | Gained mutation: When seriously injured, your bleeding wounds create armour. (AC +9) [demonic ancestry]
  3737 | D:4      | Reached XP level 5. HP: 32/35 MP: 6/11
  3793 | D:4      | Found Borit's Armour Shop.
  3879 | D:4      | Noticed an ogre
  3889 | D:4      | Noticed Robin
  3897 | D:4      | Killed an ogre
  3897 | D:4      | Reached skill level 5 in Spellcasting
  3919 | D:4      | Killed Robin
  4338 | D:4      | Found Doinuhirgh's Magic Scroll Boutique.
  4343 | D:4      | Bought a scroll of teleportation for 39 gold pieces
  4343 | D:4      | Bought a scroll of blinking for 97 gold pieces
  4446 | D:5      | Entered Level 5 of the Dungeon
  4502 | D:5      | Reached XP level 6. HP: 41/41 MP: 14/14
  4658 | D:5      | Reached skill level 6 in Necromancy
  4692 | D:5      | Found a staircase to the Ecumenical Temple.
  4827 | Temple   | Entered the Ecumenical Temple
  4976 | Temple   | Became a worshipper of Kikubaaqudgha
  5311 | D:5      | Learned a level 4 spell: Animate Dead
  5357 | D:6      | Found Fezoe's Distillery.
  5404 | D:6      | Found Atoseqew's Book Boutique.
  5484 | D:6      | Found Reugh's Assorted Antiques.
  5493 | D:6      | Bought a scroll of teleportation for 102 gold pieces
  5558 | D:6      | Reached skill level 7 in Necromancy
  5558 | D:6      | Gained mutation: When seriously injured, your bleeding wounds create thick armour. (AC +9) [demonic ancestry]
  5558 | D:6      | Reached XP level 7. HP: 38/46 MP: 15/15
  5662 | D:6      | Found Qodihoe's General Store.
  6086 | D:7      | Reached skill level 8 in Necromancy
  6109 | D:7      | Noticed Prince Ribbit
  6121 | D:7      | Killed Prince Ribbit
  6368 | D:7      | Reached XP level 8. HP: 12/52 MP: 15/17
  6688 | D:7      | Reached * piety under Kikubaaqudgha
  6688 | D:7      | Identified Kikubaaqudgha's Volume of Darkness (Kikubaaqudgha gifted it to you on level 7 of the Dungeon)
  6688 | D:7      | Received a gift from Kikubaaqudgha
  6710 | D:7      | Learned a level 2 spell: Corpse Rot
  6713 | D:7      | Learned a level 2 spell: Sublimation of Blood
  6954 | D:7      | Reached skill level 9 in Necromancy
  6970 | D:7      | Found Ugrouj's Food Boutique.
  7161 | D:7      | Reached skill level 1 in Fighting
  8116 | D:8      | Found a blossoming altar of Fedhas.
  8143 | D:8      | Gained mutation: You have hoof-like feet. [demonic ancestry]
  8143 | D:8      | Reached XP level 9. HP: 55/67 MP: 6/19
  8172 | D:8      | Reached skill level 5 in Fighting
  8517 | D:9      | Reached skill level 1 in Maces & Flails
  8706 | D:9      | Noticed Erolcha
  8731 | D:9      | Killed Erolcha
  8738 | D:9      | Reached skill level 5 in Maces & Flails
  9047 | D:9      | Noticed a troll
  9056 | D:9      | Killed a troll
  9505 | D:9      | Reached ** piety under Kikubaaqudgha
  9789 | D:9      | Found an iron altar of Okawaru.
  9851 | D:7      | Learned a level 1 spell: Apportation
 10007 | D:9      | Gained mutation: A demonic guardian rushes to your aid. [demonic ancestry]
 10007 | D:9      | Reached XP level 10. HP: 60/74 MP: 20/20
 10399 | D:9      | Got a crude long sword
 10497 | D:9      | Identified the +2 long sword of Wealth {slice, Fragile Str+6} (You found it on level 9 of the Dungeon)
 10590 | D:10     | Entered Level 10 of the Dungeon
 10903 | D:10     | Noticed Urug
 10912 | D:10     | Noticed an ice dragon
 11061 | D:10     | Found a bloodstained altar of Trog.
 11074 | D:10     | Found a portal to a secret trove of treasure.
 11273 | D:10     | Learned a level 3 spell: Ozocubu's Armour
 11282 | D:10     | Noticed Joseph
 11291 | D:10     | Killed Joseph
 11292 | D:10     | Reached skill level 5 in Dodging
 11373 | D:10     | Got the broad axe of Nightmares {freeze}
 11414 | D:10     | Noticed a two-headed ogre
 11417 | D:10     | Killed a two-headed ogre
 11527 | D:10     | Identified the +7 broad axe of Nightmares {freeze, +Fly Dex+5} (You took it off Joseph on level 10 of the Dungeon)
 11539 | D:10     | Noticed a two-headed ogre
 11554 | D:10     | Killed a two-headed ogre
 11774 | D:10     | Reached skill level 1 in Charms
 11774 | D:10     | Reached skill level 1 in Translocations
 11774 | D:10     | Reached skill level 1 in Ice Magic
 12212 | D:10     | Killed an ice dragon
 12212 | D:10     | Gained mutation: You have hooves in place of feet. [demonic ancestry]
 12212 | D:10     | Reached XP level 11. HP: 76/80 MP: 14/21
 12306 | D:10     | Killed Urug
 12604 | D:10     | Found a staircase to the Lair.
 12837 | D:11     | Reached *** piety under Kikubaaqudgha
 12837 | D:11     | Identified Kikubaaqudgha's Volume of Unholy Arts (Kikubaaqudgha gifted it to you on level 11 of the Dungeon)
 12837 | D:11     | Received a gift from Kikubaaqudgha
 12907 | D:11     | Found a staircase to the Orcish Mines.
 12910 | D:11     | Noticed a two-headed ogre
 12914 | D:11     | Killed a two-headed ogre
 13341 | D:11     | Found a shadowy altar of Dithmenos.
 15010 | D:12     | Noticed Rupert
 15030 | D:12     | Killed Rupert
 15030 | D:12     | Reached skill level 10 in Maces & Flails
 15620 | Lair:1   | Entered Level 1 of the Lair of Beasts
 15647 | Lair:1   | Gained mutation: You may emit foul miasma when damaged in melee. [demonic ancestry]
 15647 | Lair:1   | Reached XP level 12. HP: 54/86 MP: 17/24
 15728 | Lair:1   | Reached **** piety under Kikubaaqudgha
 16640 | Lair:2   | Reached skill level 10 in Spellcasting
 16743 | Lair:2   | Learned a level 5 spell: Dispel Undead
 16747 | Lair:2   | Learned a level 3 spell: Spectral Weapon
 16750 | Lair:2   | Learned a level 2 spell: Song of Slaying
 16782 | Lair:2   | Found a staircase to the Snake Pit.
 16892 | Lair:2   | Noticed Gastronok
 16910 | Lair:2   | Killed Gastronok
 17657 | Lair:2   | Found a staircase to the Shoals.
 17890 | Lair:3   | Reached skill level 1 in Evocations
 18037 | Lair:3   | Found a dark tunnel.
 18047 | Volcano  | Entered a volcano
 18068 | Volcano  | Noticed a centaur warrior
 18076 | Volcano  | Killed a centaur warrior
 18129 | Volcano  | Noticed a red draconian
 18145 | Volcano  | Killed a red draconian
 18396 | Lair:3   | Reached skill level 10 in Necromancy
 18956 | Lair:4   | Noticed a death yak
 18963 | Lair:4   | Noticed a death yak
 18965 | Lair:4   | Noticed a death yak
 18966 | Lair:4   | Noticed a death yak
 18974 | Lair:4   | Noticed a seven-headed hydra
 18975 | Lair:4   | Killed a death yak
 19280 | Lair:3   | Reached XP level 13. HP: 99/99 MP: 27/27
 19656 | Lair:4   | Reached skill level 11 in Necromancy
 19878 | Lair:4   | Noticed Josephine
 19891 | Lair:4   | Found a snail-covered altar of Cheibriados.
 19895 | Lair:4   | Killed Josephine
 19927 | Lair:4   | Reached XP level 14. HP: 92/106 MP: 28/28
 19956 | Lair:4   | Noticed Nessos
 19978 | Lair:4   | Killed Nessos
 20913 | Lair:5   | Found an ancient bone altar of Kikubaaqudgha.
 21213 | Lair:5   | Reached ***** piety under Kikubaaqudgha
 21758 | Lair:5   | Found a runed door.
 22277 | Lair:5   | Got a scorched scale mail
 22280 | Lair:5   | Identified the +6 scale mail of Midnight {rPois Regen+} (You found it on level 5 of the Lair of Beasts)
 22327 | Lair:6   | Entered Level 6 of the Lair of Beasts
 22782 | Lair:6   | Reached skill level 5 in Armour
 23277 | Lair:6   | Found a burning altar of Makhleb.
 23588 | Lair:6   | Found a gateway to Hell.
 23746 | Lair:6   | Found a staircase to the Slime Pits.
 24912 | D:13     | Found a gate to the Vaults.
 24940 | D:13     | Learned a level 5 spell: Excruciating Wounds
 25617 | D:14     | Reached skill level 12 in Necromancy
 25842 | D:14     | Reached XP level 15. HP: 99/112 MP: 24/30
 26197 | D:14     | Noticed Frances
 27180 | D:6      | Bought a scroll of fear for 42 gold pieces
 27319 | D:6      | Found Haaj's Weapon Shoppe.
 27565 | Orc:1    | Entered Level 1 of the Orcish Mines
 27617 | Orc:1    | Found Nyim's Assorted Antiques.
 27640 | Orc:1    | Bought 2 scrolls of blinking for 300 gold pieces
 27640 | Orc:1    | Bought a potion of curing for 60 gold pieces
 27852 | Orc:2    | Entered Level 2 of the Orcish Mines
 28206 | Orc:2    | Reached ****** piety under Kikubaaqudgha
 28208 | Orc:2    | Found a frozen archway.
 28237 | IceCv    | Entered an ice cave
 28360 | IceCv    | Reached skill level 13 in Necromancy
 28844 | IceCv    | Noticed a frost giant
 28859 | IceCv    | Killed a frost giant
 28915 | IceCv    | Got a crude battleaxe
 28921 | IceCv    | Got a twisted halberd
 29116 | IceCv    | Identified the +5 halberd of Gunyxt {holy, MR+ Str+3 Int-3} (You found it in an ice cave)
 29117 | IceCv    | Identified the +7 battleaxe "Uqoymn" {venom, MR+ Int-3 Stlth+} (You found it in an ice cave)
 29441 | Orc:2    | Found Igothreo's Food Emporium.
 29469 | Orc:2    | Noticed an orc warlord
 29534 | Orc:2    | Killed an orc warlord
 29649 | Orc:2    | Slain by a sixfirhy

Skill      XL: |  1  2  3  4  5  6  7  8  9 10 11 12 13 14 15 |
---------------+----------------------------------------------+-----
Spellcasting   | 3 4 5 6 7 8 10 11 12 | 12.5
Necromancy     | 5 7 8 9 10 11 12 13 | 13.4
Fighting       | 4 5 8 |  8.6
Maces & Flails | 7 8 10 12 | 12.1
Dodging        | 5 |  5.8
Armour         | 3 7 |  7.4
Charms         | 1 2 |  2.8
Translocations | 1 2 |  2.0
Ice Magic      | 2 |  2.9
Hexes          | 4 |  4.1
Evocations     | 4 |  4.0
Stealth        | 3 4 |  4.0

Action                   |  1- 3 |  4- 6 |  7- 9 | 10-12 | 13-15 || total
-------------------------+-------+-------+-------+-------+-------++-------
Melee: Dagger            |    91 |    71 |     9 |       |       ||   171
       Unarmed           |     3 |       |       |       |       ||     3
       Kick              |    13 |     7 |       |    74 |   202 ||   296
       Falchion          |       |       |   118 |       |       ||   118
       Morningstar       |       |       |    62 |   359 |   856 ||  1277
       Long sword        |       |       |       |     3 |       ||     3
 Cast: Pain              |    42 |    61 |    90 |    53 |    11 ||   257
       Vampiric Draining |       |       |    24 |    35 |    40 ||    99
       Animate Dead      |       |       |     4 |     7 |    37 ||    48
       Ozocubu's Armour  |       |       |       |     5 |    15 ||    20
       Regeneration      |       |       |       |    13 |    24 ||    37
       Animate Skeleton  |       |       |       |     4 |     2 ||     6
       Spectral Weapon   |       |       |       |     2 |    16 ||    18
       Excruciating Woun |       |       |       |       |     6 ||     6
       Sublimation of Bl |       |       |       |       |     2 ||     2
       Song of Slaying   |       |       |       |       |     2 ||     2
       Corpse Rot        |       |       |       |       |     1 ||     1
Invok: Receive Corpses   |       |       |       |     3 |     5 ||     8
Evoke: Wand              |       |       |     5 |    13 |    16 ||    34
       Phial of floods   |       |       |       |       |     2 ||     2
  Use: Scroll            |     6 |     9 |     7 |    13 |    13 ||    48
       Potion            |       |     2 |       |     8 |     2 ||    12
 Stab: Sleeping          |     3 |     3 |     4 |     2 |     3 ||    15
       Paralysed         |       |       |     2 |       |       ||     2
       Distracted        |       |       |       |     1 |     4 ||     5
       Confused          |       |       |       |       |     5 ||     5
       Invisible         |       |       |       |       |     6 ||     6
  Eat: Chunk             |     3 |     4 |     6 |    19 |    13 ||    45
       Ration            |     1 |     1 |     3 |     4 |     7 ||    16
Armor: Robe              |    10 |     8 |    62 |       |       ||    80
       Steam dragon scal |       |       |       |    85 |    26 ||   111
       Leather armour    |       |       |       |     2 |   198 ||   200
       Scale mail        |       |       |       |       |   109 ||   109
       Troll leather arm |       |       |       |       |    21 ||    21
Dodge: Dodged            |   101 |    66 |   263 |   324 |  1008 ||  1762
Block: Other             |       |       |    31 |    55 |   140 ||   226
       Reflection        |       |       |     3 |     7 |     2 ||    12
       Rpst.: Falchion   |       |       |    42 |       |       ||    42
       Long sword        |       |       |       |     2 |       ||     2
